 Dungeon Crawl Stone Soup version 0.31-a0-1338-gb567cfdca4 (webtiles) character file.

Game seed: 16200792306906720251

185 jasper the Grave Robber (level 5, 0/35 HPs)
             Began as a Demonspawn Necromancer on Dec 21, 2023.
             Slain by a gnoll
             ... wielding a +0 club
              (6 damage)
             ... on level 3 of the Dungeon.
             The game lasted 00:05:50 (2430 turns).

jasper the Grave Robber (Demonspawn Necromancer)    Turns: 2430, Time: 00:05:50

Health: 0/35       AC:  7    Str:  9    XL:     5   Next: 37%
Magic:  0/8        EV: 12    Int: 17    God:
Gold:   96         SH:  0    Dex: 13    Spells: 4/8 levels left

rFire   . .          .
                       - Unarmed
rCold   . . .        (no shield)
rNeg    . . .        a - +0 robe
rPois   .            (no helmet)
rElec   .            d - +2 cloak {Stlth+}
rCorr   .            (no gloves)
SInv    .            (no boots)
Will    .....        (no amulet)
Stlth   +++          (no ring)
HPRegen 0.25/turn    (no ring)
MPRegen 0.11/turn

%: no passive effects
@: no status effects
A: thin metallic scales 1, foul stench 1, demonic touch 2
a: no special abilities


You were on level 3 of the Dungeon.
You visited 1 branch of the dungeon, and saw 3 of its levels.

You collected 96 gold pieces.

Inventory:

Hand Weapons
 e - a +0 hand axe
 g - a +0 flail
Armour
 a - a +0 robe (worn)
 d - a +2 cloak of stealth (worn)
 l - a +0 ring mail
 m - an orb of energy
Talismans
 i - a blade talisman
Scrolls
 c - 3 scrolls of noise
 f - 2 scrolls of identify
 h - a scroll of enchant armour {unknown}
 j - a scroll of revelation {unknown}
Potions
 b - a potion of magic
 k - 2 potions of heal wounds {unknown}


   Skills:
 - Level 1.7 Dodging
 - Level 1.7 Stealth
 + Level 4.3 Unarmed Combat
 - Level 2.0 Spellcasting
 - Level 4.9 Necromancy


You had 4 spell levels left.
You knew the following spells:

 Your Spells              Type           Power      Damage    Failure   Level
a - Necrotise             Necr           72%        1d7       2%          1
b - Vampiric Draining     Necr           18%        2d7       8%          3

Your spell library contained the following spells:

 Spells                   Type           Power      Damage    Failure   Level
 Animate Dead             Necr           18%        N/A       26%         4
 Agony                    Necr           18%        N/A       56%         5
 Chain Lightning          Conj/Air       0%         2d1       100%        9
 Fire Storm               Conj/Fire      0%         6d1       100%        9
 Shatter                  Erth           0%         3d5*      100%        9


Dungeon Overview and Level Annotations

Branches:
Dungeon (3/15)

Altars:

Shops:
D:3 [:(


Innate Abilities, Weirdness & Mutations

You are partially covered in thin metallic scales. (AC +2)
You may rarely emit foul miasma when damaged in melee.
Your touch may inflict irresistible damage on your foes.


Message History

The gnoll is severely wounded.
The gnoll misses you. The dart slug barely misses you.
You hit the gnoll.
The gnoll is severely wounded.
The gnoll closely misses you.
You hit the gnoll but do no damage.
The gnoll is severely wounded.
The dart slug bites you. The gnoll closely misses you.
You take 1 damage, and have 23/35 hp.
You hit the gnoll.
The gnoll is almost dead.
The dart slug launches a dart at you. The slug dart hits you.
You take 5 damage, and have 18/35 hp.
Casting: Vampiric Draining (dangerous; 8% risk of failure)
Confirm with . or Enter, or press ? or * to list all spells.
Aiming: Vampiric Draining (dangerous; 8% risk of failure)
Press: ? - help, Shift-Dir - straight line, f - gnoll, p - gnoll
Aim: a gnoll, wielding a +0 club You draw life force from the gnoll.
You feel life coursing into your body. The gnoll closely misses you.
You regained 3 hp, and now have 21/35 hp.
You now have 0/8 mp.
You hit the gnoll.
The gnoll is severely wounded.
The dart slug bites you but does no damage.
The gnoll hits you with a +0 halberd! The gnoll barely misses you.
The dart slug launches a dart at you. The slug dart hits you.
You see here a +0 spear.
You take 8 damage, and have 13/35 hp.
MASSIVE DAMAGE!!
You hit the gnoll.
You kill the gnoll!
The gnoll hits you with a +0 club!
* * * LOW HITPOINT WARNING * * *
You take 7 damage, and have 6/35 hp.
You hit the gnoll.
The gnoll is severely wounded.
The gnoll hits you with a +0 club.
You die...

######## #......#
#......# .. #......# ....
########......###
.....####.....@)........#
#............gw.###......
#...............# ....#
#...............# ....
#.........####### ...
............# ..
#.........#.# .
#>......>.#.#
#.........#.#


You could see a gnoll and a dart slug.

Vanquished Creatures
  Crazy Yiuf (D:2)
  Terence (D:3)
  2 gnolls (D:3)
  6 adders
  4 endoplasms
  5 hobgoblins
  6 jackals
  4 quokkas
  3 ball pythons
  12 bats
  A frilled lizard (D:1)
  3 goblins
  5 kobolds
  3 rats
56 creatures vanquished.

Vanquished Creatures (collateral kills)
  A dart slug (D:2)
  A frilled lizard (D:1)
  A kobold (D:1)
  A rat (D:1)
4 creatures vanquished.

Grand Total: 60 creatures vanquished

Notes
Turn   | Place    | Note
-------+----------+-------------------------------------------
     0 | D:1      | jasper the Demonspawn Necromancer began the quest for the
                  | Orb.
     0 | D:1      | Reached XP level 1. HP: 13/13 MP: 3/3
   284 | D:1      | Gained mutation: Your touch may inflict minor irresistible
                  | damage on your foes. [demonic ancestry]
   284 | D:1      | Reached XP level 2. HP: 19/19 MP: 3/5
   637 | D:1      | Reached skill level 1 in Unarmed Combat
   914 | D:2      | Gained mutation: You are partially covered in thin metallic
                  | scales. (AC +2) [demonic ancestry]
   914 | D:2      | Reached XP level 3. HP: 24/24 MP: 4/6
   918 | D:2      | Learned a level 3 spell: Vampiric Draining
  1325 | D:2      | Gained mutation: You may rarely emit foul miasma when
                  | damaged in melee. [demonic ancestry]
  1325 | D:2      | Reached XP level 4. HP: 30/30 MP: 4/7
  1466 | D:2      | Found a runed translucent door.
  1467 | D:2      | Noticed Crazy Yiuf
  1988 | D:2      | Killed Crazy Yiuf
  2081 | D:3      | Noticed Terence
  2088 | D:3      | Killed Terence
  2089 | D:3      | Gained mutation: Your touch may inflict irresistible damage
                  | on your foes. [demonic ancestry]
  2089 | D:3      | Reached XP level 5. HP: 27/35 MP: 5/8
  2263 | D:3      | Found Mublev's Antique Weapon Emporium.
  2308 | D:3      | Noticed a walking earthen tome
  2309 | D:3      | Found Faler's Book Emporium.
  2311 | D:3      | Noticed a walking earthen tome
  2352 | D:3      | Found Vulaod's Antique Armour Boutique.
  2430 | D:3      | Slain by a gnoll

Illustrated notes

Levels and vault maps discovered:
D:1:      dpeg_arrival_refuge, layout_basic
D:2:      layout_basic, minmay_tall_x, uniq_crazy_yiuf_cottage
D:3:      layout_basic, serial_shops, shop, nicolae_shop_mannequins, shop,
          nicolae_shop_temple_entry_statues_fountains,
          lightli_sewer_entry_pipes, uniq_terence, uniq_sigmund

Skill      XL: |  1  2  3  4  5 |
---------------+----------------+-----
Unarmed Combat | 1 2 3 4 |  4.3
Dodging        | |  1.7
Stealth        | |  1.7
Spellcasting   | |  2.0
Necromancy     | |  4.9

Action                     |  1- 3 |  4- 6 || total
---------------------------+-------+-------++-------
  Melee: Unarmed           |    27 |    22 ||    49
         Touch             |     3 |     5 ||     8
         Flail             |     2 |       ||     2
   Cast: Necrotise         |    48 |    24 ||    72
         Vampiric Draining |       |     5 ||     5
    Use: Scroll            |     6 |       ||     6
         Potion            |       |     2 ||     2
   Stab: Distracted        |     1 |     1 ||     2
         Sleeping          |     1 |       ||     1
 Armour: Robe              |    19 |    22 ||    41
  Dodge: Dodged            |    24 |    17 ||    41

Table legend: (Time is in decaauts)
 A = Elapsed time spent in this place.
 B = Non-inter-level travel time spent in this place.
 C = Inter-level travel time spent in this place.
 D = Time resting spent in this place.
 E = Time spent auto-exploring this place.
 F = Levels seen in this place.
 G = Mean time per level.
                   A        B        C        D        E       F      G
               +--------+--------+--------+--------+--------+-----+--------+
         Total |   2426 |   2380 |     46 |     90 |   1920 |   3 |  808.7 |
       Dungeon |   2426 |   2380 |     46 |     90 |   1920 |   3 |  808.7 |
               +--------+--------+--------+--------+--------+-----+--------+

Top non-repeatable levels by time:
     D:2: 1170 daAuts
     D:1: 908 daAuts
     D:3: 347 daAuts
